 Dungeon Crawl Stone Soup version 0.29-a0-541-gaf1fc19f1b (webtiles) character file.

Game seed: 9470593665022451649

150 happo123 the Sneak (level 5, -2/30 HPs)
             Began as a Kobold Enchanter on June 3, 2022.
             Slain by a gnoll shaman
             ... wielding a +0 club
              (9 damage)
             ... on level 3 of the Dungeon.
             The game lasted 00:10:13 (4032 turns).

happo123 the Sneak (Kobold Enchanter)               Turns: 4032, Time: 00:10:13

Health: -2/30      AC:  2    Str:  5    XL:     5   Next: 58%
Magic:  3/9        EV: 19    Int: 19    God:
Gold:   147        SH:  0    Dex: 15    Spells: 4/9 levels left

rFire   + . .      SeeInvis .   a - +1 dagger
rCold   x . .      Faith    .   (no shield)
rNeg    . . .      Spirit   .   b - +0 robe
rPois   .          Reflect  .   (no helmet)
rElec   .          Harm     .   (no cloak)
rCorr   .          Rampage  .   (no gloves)
Will    .....                   (no boots)
Stlth   ++++......              (no amulet)
HPRegen 0.10/turn               e - ring of fire
MPRegen 0.11/turn               j - +4 ring of evasion

@: no status effects
A: small, no large weapons, nightstalker 3
a: no special abilities


You were on level 3 of the Dungeon.
You visited 1 branch of the dungeon, and saw 4 of its levels.

You collected 147 gold pieces.

Inventory:

Hand Weapons
 a - a +1 dagger (weapon)
Armour
 b - a +0 robe (worn)
Jewellery
 e - a ring of fire (left hand)
 g - a ring of protection from cold
 j - a +4 ring of evasion (right hand)
Scrolls
 h - a scroll of vulnerability {unknown}
 k - 4 scrolls of identify {unknown}
 l - a scroll of silence {unknown}
 m - a scroll of enchant armour {unknown}
 q - a scroll of teleportation {unknown}
 r - a scroll of summoning {unknown}
 s - a scroll of amnesia {unknown}
 t - a scroll of brand weapon {unknown}
Potions
 c - 2 potions of invisibility
 d - 3 potions of might {unknown}
 f - 3 potions of curing {unknown}
 i - a potion of resistance {unknown}
 n - a potion of haste {unknown}
 o - 2 potions of brilliance {unknown}
 p - a potion of heal wounds {unknown}


   Skills:
 + Level 1.7 Fighting
 + Level 2.6 Short Blades
 + Level 3.1 Dodging
 + Level 4.6 Stealth
 + Level 2.7 Spellcasting
 * Level 4.0 Hexes
 + Level 1.0 Air Magic


You had 4 spell levels left.
You knew the following spells:

 Your Spells              Type           Power      Damage    Failure   Level
a - Ensorcelled Hibernat  Hex/Ice        20%        N/A       11%         2
b - Confusing Touch       Hex            18%        N/A       9%          3

Your spell library contained the following spells:

 Spells                   Type           Power      Damage    Failure   Level
 Tukima's Dance           Hex            18%        N/A       9%          3
 Shock                    Conj/Air       16%        1d4       13%         1
 Necrotize                Necr           8%         1d4       16%         1
 Dazzling Flash           Conj/Hex       20%        N/A       21%         3
 Swiftness                Air            6%         N/A       30%         3
 Vampiric Draining        Necr           2%         2d6       43%         3
 Airstrike                Air            3%         N/A       71%         4
 Agony                    Necr           2%         N/A       99%         5


Dungeon Overview and Level Annotations

Branches:
Dungeon (4/15)
 Temple: D:4-7

Altars:


Innate Abilities, Weirdness & Mutations

You are small and have problems with some larger weapons.
You are completely attuned to the shadows.


Message History

You closely miss the gnoll shaman.
The gnoll shaman is lightly wounded.
You hit the gnoll shaman but do no damage.
The gnoll shaman is lightly wounded.
The gnoll shaman misses you.
Aiming: Ensorcelled Hibernation (safe; 11% risk of failure)
Press: ? - help, Q - select action Shift-Dir - straight line, f - gnoll shaman
Aim: a gnoll shaman, wielding a +0 club and wearing a +0 leather armour (lightly wounded, chance to affect: 44%)
Okay, then.
You closely miss the gnoll shaman.
The gnoll shaman is lightly wounded.
The gnoll shaman closely misses you.
You closely miss the gnoll shaman.
The gnoll shaman is lightly wounded.
The gnoll shaman hits you but does no damage.
You barely miss the gnoll shaman.
The gnoll shaman is lightly wounded.
The gnoll shaman misses you.
You hit the gnoll shaman but do no damage.
The gnoll shaman is lightly wounded.
The gnoll shaman barely misses you.
You hit the gnoll shaman but do no damage.
The gnoll shaman is lightly wounded.
The gnoll shaman closely misses you.
You hit the gnoll shaman.
The gnoll shaman is moderately wounded.
You hit the gnoll shaman but do no damage.
The gnoll shaman is moderately wounded.
The gnoll shaman hits you with a +0 club!
* * * LOW HITPOINT WARNING * * *
You hit the gnoll shaman.
The gnoll shaman is moderately wounded.
The gnoll shaman closely misses you.
You hit the gnoll shaman.
The gnoll shaman is heavily wounded.
The gnoll shaman misses you.
You hit the gnoll shaman.
The gnoll shaman is heavily wounded.
The gnoll shaman hits you with a +0 club!
You die...

#.# #.# #.# #.# #.#
#.# #.# #.#
#.#####>###.## #.#
#............#####.#
#.#####.###........#
#.# #.# #.########
#.# #.# #.#
#.#####)# #.#
#.....g@# #.#
#.####### #.# #.#
#.# #.#########.#
###.........#.#
#.........#...##
#.#.#####......# #
#.#.# #......# #
#.#.# ###......# #


You could see a gnoll shaman.

Vanquished Creatures
  A hound (D:2)
  A hound skeleton (D:4)
  2 gnolls
  A worm (D:2)
  A dart slug (D:1)
  6 orcs (D:3)
  7 endoplasms
  2 giant cockroaches
  7 goblins
  7 hobgoblins
  4 jackals (D:1)
  5 kobolds
  3 quokkas
  7 ball pythons
  6 bats
  A frilled lizard (D:1)
  8 rats
69 creatures vanquished.

Notes
Turn   | Place    | Note
-------+----------+-------------------------------------------
     0 | D:1      | happo123 the Kobold Enchanter began the quest for the Orb.
     0 | D:1      | Reached XP level 1. HP: 10/10 MP: 3/3
   423 | D:1      | Reached XP level 2. HP: 9/15 MP: 5/5
   764 | D:1      | Learned a level 2 spell: Ensorcelled Hibernation
  1174 | D:1      | Reached XP level 3. HP: 20/20 MP: 6/6
  1705 | D:2      | Reached skill level 1 in Fighting
  1705 | D:2      | Reached XP level 4. HP: 25/25 MP: 7/7
  2802 | D:2      | Learned a level 3 spell: Confusing Touch
  2910 | D:3      | Reached XP level 5. HP: 29/29 MP: 3/8
  2974 | D:3      | Found a faded altar of an unknown god.
  3966 | D:3      | Reached skill level 1 in Air Magic
  4032 | D:3      | Slain by a gnoll shaman

Illustrated notes

Levels and vault maps discovered:
D:1:      mrwooster_arrival_statue_2, layout_loops_ring, dk_noncrumbling_3
D:2:      layout_basic
D:3:      layout_loops_ring, hellmonk_ecumenical_altar_lost_god,
          minmay_door_square
D:4:      layout_basic, mainiacjoe_overflow_catwalk, serial_undead,
          serial_undead_d, serial_undead_d, serial_undead_e, serial_undead_d,
          minmay_checkerbox

Skill      XL: |  1  2  3  4  5 |
---------------+----------------+-----
Short Blades   | 2 |  2.6
Fighting       | 1 |  1.7
Dodging        | 3 |  3.1
Hexes          | 4 |  4.0
Air Magic      | 1 |  1.0
Stealth        | |  4.6
Spellcasting   | |  2.7

Action                   |  1- 3 |  4- 6 || total
-------------------------+-------+-------++-------
Melee: Dagger            |   104 |    90 ||   194
 Cast: Ensorcelled Hiber |     7 |    24 ||    31
 Stab: Sleeping          |    16 |    26 ||    42
       Distracted        |     1 |       ||     1
Armor: Robe              |    11 |     4 ||    15
Dodge: Dodged            |    76 |    68 ||   144

Table legend: (Time is in decaauts)
 A = Elapsed time spent in this place.
 B = Non-inter-level travel time spent in this place.
 C = Inter-level travel time spent in this place.
 D = Time resting spent in this place.
 E = Time spent auto-exploring this place.
 F = Levels seen in this place.
 G = Mean time per level.
                   A        B        C        D        E       F      G
               +--------+--------+--------+--------+--------+-----+--------+
         Total |   4013 |   3769 |    244 |    306 |   2938 |   4 | 1003.2 |
       Dungeon |   4013 |   3769 |    244 |    306 |   2938 |   4 | 1003.2 |
               +--------+--------+--------+--------+--------+-----+--------+

Top non-repeatable levels by time:
     D:1: 1731 daAuts
     D:2: 1147 daAuts
     D:3: 1076 daAuts
     D:4: 58 daAuts
